 Dungeon Crawl Stone Soup version 0.28-a0-1447-ga5a8893891 (webtiles) character file.

Game seed: 595975436041463871

173 shadowrider38 the Ruffian (level 5, -4/46 HPs)
             Began as a Draconian Transmuter on Jan 11, 2022.
             Killed from afar by an orc wizard (9 damage)
             ... with a puff of flame
             ... on level 3 of the Dungeon.
             The game lasted 00:03:30 (2797 turns).

shadowrider38 the Ruffian (Draconian Transmuter)    Turns: 2797, Time: 00:03:30

Health: -4/46      AC:  5    Str: 12    XL:     5   Next: 28%
Magic:  8/8        EV: 12    Int: 16    God:
Gold:   111        SH:  0    Dex: 11    Spells: 7/8 levels left

rFire   . . .      SeeInvis .     - Unarmed
rCold   . . .      Faith    .   (no shield)
rNeg    . . .      Spirit   .   (armour unavailable)
rPois   .          Reflect  .   (helmet currently unavailable)
rElec   .          Harm     .   (no cloak)
rCorr   .          Rampage  .   (no gloves)
Will    .....                   (boots currently unavailable)
Stlth   +.........              (no amulet)
HPRegen 0.15/turn               (no ring)
MPRegen 0.11/turn               (no ring)

@: appendages (expiring)
A: horns 2, talons 2, AC +5, unfitting armour, cold-blooded
a: End Transformation


You were on level 3 of the Dungeon.
You had temporarily grown beastly horns and talons.
You visited 1 branch of the dungeon, and saw 3 of its levels.

You collected 111 gold pieces.

Inventory:

Missiles
 b - 97 stones
Jewellery
 c - an amulet of reflection
Scrolls
 a - a scroll of immolation {unknown}
 f - a scroll of teleportation {unknown}
Potions
 d - a potion of resistance {unknown}
 e - a potion of invisibility {unknown}


   Skills:
 - Level 4.0 Fighting
 - Level 1.7 Dodging
 - Level 4.0 Unarmed Combat
 - Level 2.0 Spellcasting
 + Level 3.3 Transmutations


You had 7 spell levels left.
You knew the following spells:

 Your Spells              Type           Power      Damage    Failure   Level
a - Beastly Appendage     Tmut           24%        N/A       5%          1

Your spell library contained the following spells:

 Spells                   Type           Power      Damage    Failure   Level
 Wereblood                Tmut           12%        N/A       9%          2
 Spider Form              Tmut/Pois      6%         N/A       32%         3
 Ice Form                 Ice/Tmut       6%         N/A       71%         4


Dungeon Overview and Level Annotations

Branches:
Dungeon (3/15)

Altars:


Innate Abilities, Weirdness & Mutations

You have temporarily grown beastly horns and talons.
Your plain brown scales are hard. (AC +5)
You cannot fit into any form of body armour.
You are cold-blooded and may be slowed by cold attacks.


Message History

You barely miss something. Your punch misses something.
An orc wizard appears from thin air!
Reactivating autopickup.
You closely miss the orc wizard. The orc wizard barely misses you.
You closely miss the orc wizard. You claw the orc wizard.
The orc wizard is lightly wounded.
The orc wizard casts a spell.
The orc wizard flickers and vanishes!
Deactivating autopickup; reactivate with Ctrl-A.
You hit something. Something hits you.
You hit something. You claw something. Something hits you.
You closely miss something. Your kick misses something.
You hear some strange, mumbled words.
Something tries to affect you, but you resist.
You miss something. Your kick misses something.
Your tail-slap misses something.
Something hits you.
You hit something. Your kick misses something. Your headbutt misses something.
Your tail-slap misses something.
Something hits you but does no damage.
You barely miss something. Something hits you but does no damage.
You closely miss something. Your kick misses something.
Your punch misses something. Something hits you but does no damage.
You closely miss something. Your kick misses something.
Your tail-slap misses something.
Something hits you.
You barely miss something. Your kick misses something.
Your headbutt misses something.
Your transformation is almost over.
Something hits you.
You barely miss something.
Your tail-slap misses something.
You hear some strange, mumbled words.
A magic dart appears from out of thin air!
The magic dart hits you!
* * * LOW HITPOINT WARNING * * *
You miss something. Your headbutt misses something. You hit something.
Your tail-slap misses something.
Something hits you.
* * * LOW HITPOINT WARNING * * *
You closely miss something.
You hear some strange, mumbled words.
A puff of flame appears from out of thin air!
The puff of flame hits you!
You die...

####...............#
#..................#### ##
#.##....#####.........# ..
#.....#.# #.........###
.###.#..#..#.# ###..........
........##.#.###########......
#.###.##....#..)..).....'......
#........####.###########......
.###.####.# #>@{...............
.....####.##
##########.........
#..........# #.........
#..........# #.........
#..........####### #.....)...
#................# ###....###
#................# ##...?#..
#......<.).......# #...)..$.
#................# #........


There were no monsters in sight!

Vanquished Creatures
  A water moccasin zombie (D:3)
  An iguana (D:3)
  An orc wizard (D:3)
  2 adders (D:2)
  3 orcs (D:3)
  9 ball pythons
  2 endoplasms (D:3)
  7 goblins
  2 hobgoblins (D:1)
  2 jackals (D:2)
  A quokka (D:1)
  6 bats
  2 frilled lizards (D:2)
  7 kobolds
  4 rats
  A spectral hobgoblin (D:2)
51 creatures vanquished.

Notes
Turn   | Place    | Note
-------+----------+-------------------------------------------
     0 | D:1      | shadowrider38 the Draconian Transmuter began the quest for
                  | the Orb.
     0 | D:1      | Reached XP level 1. HP: 16/16 MP: 3/3
   281 | D:1      | Reached XP level 2. HP: 24/24 MP: 3/5
  1108 | D:2      | You fall into a shaft and drop 1 floor!
  1168 | D:3      | Reached XP level 3. HP: 26/30 MP: 4/6
  1500 | D:2      | Found a faded altar of an unknown god.
  2117 | D:3      | Reached XP level 4. HP: 25/40 MP: 5/7
  2448 | D:3      | Reached XP level 5. HP: 28/46 MP: 8/8
  2797 | D:3      | Killed from afar by an orc wizard

Illustrated notes

Levels and vault maps discovered:
D:1:      dpeg_arrival_long_road, layout_loops_ring
D:2:      layout_rooms, dreamdust_ecumenical_altar_drowned_temple,
          chequers_serial_rivers_marsh, minmay_heptomino_d4
D:3:      layout_basic

Skill      XL: |  1  2  3  4  5 |
---------------+----------------+-----
Fighting       | 2 3 4 |  4.0
Unarmed Combat | 4 |  4.0
Transmutations | 3 |  3.3
Dodging        | |  1.7
Spellcasting   | |  2.0

Action                   |  1- 3 |  4- 6 || total
-------------------------+-------+-------++-------
Melee: Unarmed           |   116 |    57 ||   173
       Kick              |    16 |     5 ||    21
       Tailslap          |     8 |     2 ||    10
       Headbutt          |    16 |     6 ||    22
       Punch             |     4 |       ||     4
 Cast: Beastly Appendage |    37 |     4 ||    41
Armor: Skin              |    30 |    14 ||    44
Dodge: Dodged            |    74 |     9 ||    83

Table legend: (Time is in decaauts)
 A = Elapsed time spent in this place.
 B = Non-inter-level travel time spent in this place.
 C = Inter-level travel time spent in this place.
 D = Time resting spent in this place.
 E = Time spent auto-exploring this place.
 F = Levels seen in this place.
 G = Mean time per level.
                   A        B        C        D        E       F      G
               +--------+--------+--------+--------+--------+-----+--------+
         Total |   2800 |   2710 |     90 |   1018 |   1231 |   3 |  933.3 |
       Dungeon |   2800 |   2710 |     90 |   1018 |   1231 |   3 |  933.3 |
               +--------+--------+--------+--------+--------+-----+--------+

Top non-repeatable levels by time:
     D:1: 1009 daAuts
     D:2: 923 daAuts
     D:3: 868 daAuts
